 Dungeon Crawl Stone Soup version 0.19-a0-1065-gdac414d (webtiles) character file.

2866 4thArraOfDagon the Grappler (level 9, -1/73 HPs)
             Began as a Black Draconian Warper on Aug 3, 2016.
             Was an Elder of Makhleb.
             Slain by a howler monkey (5 damage)
             ... on level 8 of the Dungeon.
             The game lasted 00:15:03 (2913 turns).

4thArraOfDagon the Grappler (DrWr)                  Turns: 2913, Time: 00:15:04

Health: -1/73      AC:  8    Str: 13    XL:     9   Next: 47%
Magic:  12/12      EV: 12    Int: 18    God:    Makhleb [****..]
Gold:   317        SH:  0    Dex: 10    Spells: 1 memorised, 11 levels left

rFire  . . .     SeeInvis .       - Unarmed
rCold  + . .     Gourm    .     (armour unavailable)
rNeg   . . .     Faith    .     (no shield)
rPois  .         Spirit   .     (helmet restricted)
rElec  +         Dismiss  .     (no cloak)
rCorr  .         Reflect  .     e - +0 pair of gloves
SustAt .         Harm     .     (no boots)
MR     .....                    (no amulet)
Stlth  +.........               (no ring)
                                (no ring)

@:
A: breathe lightning, unfitting armour, cold resistance 1, regeneration 1,
robust 1, electricity resistance, cold-blooded, AC +7
a: Breathe Lightning, Minor Destruction, Lesser Servant of Makhleb, Major
Destruction, Renounce Religion


You were on level 8 of the Dungeon.
You worshipped Makhleb.
Makhleb was greatly pleased with you.
You were very hungry.

You visited 2 branches of the dungeon, and saw 10 of its levels.

You collected 337 gold pieces.
You spent 20 gold pieces at shops.

Inventory:

Hand Weapons
 f - a +1 spear of piercing
Missiles
 c - 4 tomahawks of dispersal (quivered)
Armour
 e - a +0 pair of gloves (worn)
Magical Staves
 g - an uncursed staff of earth
Wands
 i - a wand of random effects (0/48)
 k - a wand of slowing (9/48)
Scrolls
 l - a scroll of identify
 p - a scroll of random uselessness {unknown}
 q - a scroll of fear {unknown}
 r - a scroll of immolation {unknown}
 s - a scroll of remove curse {unknown}
 t - a scroll of enchant weapon {unknown}
Potions
 h - a potion of flight
 m - 2 potions of brilliance
 w - a potion of magic
Books
 a - a book of Spatial Translocations

   Spells                             Type                      Level
   a - Apportation                    Translocation                1
   b - Blink                          Translocation                2
   c - Shroud of Golubria             Charms/Translocation         2
   d - Portal Projectile              Translocation                3
   e - Teleport Other                 Translocation                3
   f - Passage of Golubria            Translocation                4
Comestibles
 d - 4 bread rations
 n - a beef jerky
 o - a meat ration
 v - 2 slices of pizza


   Skills:
 - Level 2.1 Fighting
 - Level 0.8 Throwing
 - Level 2.1 Dodging
 * Level 12.1 Unarmed Combat
 - Level 2.0 Spellcasting
 - Level 3.0 Translocations
 + Level 5.0 Invocations


You had 11 spell levels left.
You knew the following spells:

 Your Spells              Type           Power        Failure   Level  Hunger
a - Apportation           Tloc           ##........   6%          1    #......


Dungeon Overview and Level Annotations

Branches:
Dungeon (9/15)             Temple (1/1) D:5
   Lair: D:8-11         Orc: D:9-12

Altars:
Ashenzari
Cheibriados
Dithmenos
Fedhas
Gozag
Hepliaklqana
Kikubaaqudgha
Makhleb
Nemelex Xobeh
Pakellas
Qazlal
Ru
Sif Muna
Uskayaw
Vehumet
Zin
The Shining One

Shops:
D:5 *[


Innate Abilities, Weirdness & Mutations

You can breathe wild blasts of lightning.
Your glossy black scales are hard. (AC +7)
Your body does not fit into most forms of armour.
You are resistant to electric shocks. (rElec)
You are cold-blooded and may be slowed by cold attacks.
Your flesh is cold resistant. (rC+)
Your natural rate of healing is unusually fast.
You are robust. (+10% HP)


Message History

The howler monkey hoots and howls with incredible vigour!
The howler monkey completely misses you.
Unknown command.
You closely miss the howler monkey.
The howler monkey is heavily wounded.
The howler monkey hits you.
* * * LOW HITPOINT WARNING * * *
Unknown command.
Unknown command.
You closely miss the howler monkey. You punch the howler monkey!
The howler monkey is almost dead.
The howler monkey barely misses you.
Unknown command.
Unknown command.
Found 29 stones.
Unknown command.
You barely miss the howler monkey.
The howler monkey is almost dead.
The howler monkey hits you.
You die...

.# . #.
.Z###h###
........##
#.h# ##Z#
#h# #@#
#...(...#
##.#....#
##%..#
##..# ...#
..## ...


You could see 2 howler monkeys and a centaur zombie.

Vanquished Creatures
  Pikel (D:5)
  Grinder (D:3)
  3 yaks (D:9)
  Edmund (D:6)
  Duvessa (D:6)
  An ice beast (D:6)
  A slave (D:6)
  An ogre (D:5)
  3 centaurs
  4 scorpions
  Dowan (D:6)
  3 crimson imps
  A quasit (D:6)
  A gnoll shaman (D:4)
  2 orc priests
  A hound (D:5)
  6 orc wizards
  Jessica (D:3)
  A giant frog skeleton (D:6)
  2 iguanas
  3 worker ants
  A hound zombie (D:5)
  A hound skeleton (D:6)
  8 gnolls
  A howler monkey skeleton (D:5)
  8 adders
  3 worms
  2 dart slugs
  5 giant geckos
  20 orcs
  A bat (D:3)
  3 giant cockroaches
  2 goblins (D:3)
  A hobgoblin (D:2)
  13 jackals
  3 quokkas
  A ball python (D:4)
  A giant newt (D:2)
  A goblin skeleton (D:4)
  2 goblin zombies (D:4)
  4 hobgoblin zombies (D:4)
  4 kobolds
  A kobold zombie (D:4)
  An orc skeleton (D:4)
  3 orc zombies (D:4)
  21 rats
150 creatures vanquished.

Vanquished Creatures (others)
  A slave (D:5)
  2 gnolls (D:5)
3 creatures vanquished.

Grand Total: 153 creatures vanquished

Notes
Turn   | Place    | Note
-------+----------+-------------------------------------------
     0 | D:1      | 4thArraOfDagon the Draconian Warper began the quest for the Orb.
     0 | D:1      | Reached XP level 1. HP: 17/17 MP: 3/3
   178 | D:3      | Noticed Jessica
   189 | D:3      | Killed Jessica
   189 | D:3      | Reached skill level 3 in Unarmed Combat
   189 | D:3      | Reached XP level 2. HP: 24/24 MP: 5/5
   189 | D:3      | Reached XP level 3. HP: 29/29 MP: 6/6
   207 | D:3      | Noticed Grinder
   246 | D:3      | Killed Grinder
   246 | D:3      | Reached skill level 6 in Unarmed Combat
   246 | D:3      | Reached XP level 4. HP: 25/36 MP: 7/7
   246 | D:3      | Reached XP level 5. HP: 29/41 MP: 8/8
   317 | D:5      | Entered Level 5 of the Dungeon
   328 | D:6      | Noticed Edmund
   339 | D:5      | Found Nuubluedgh's Antique Armour Shop.
   373 | D:5      | Reached XP level 6. HP: 27/48 MP: 9/9
   457 | D:4      | Found a glowing golden altar of the Shining One.
   514 | D:5      | Found Miru's General Store.
   522 | D:5      | Bought a scroll of identify for 20 gold pieces
   725 | D:5      | Reached skill level 7 in Unarmed Combat
   751 | D:5      | Found a staircase to the Ecumenical Temple.
   757 | Temple   | Entered the Ecumenical Temple
   790 | Temple   | :(
   794 | Temple   | Became a worshipper of Makhleb the Destroyer
   852 | D:5      | Your scales start taking on a glossy black colour.
   852 | D:5      | Reached XP level 7. HP: 36/55 MP: 10/10
   852 | D:5      | Gained mutation: You are resistant to electric shocks. (rElec) [Black Draconian growth]
   865 | D:5      | bad colour
   945 | D:5      | Noticed Pikel
  1008 | D:6      | couldnt kill a shit
  1030 | D:6      | Found a radiant altar of Vehumet.
  1059 | D:6      | Reached skill level 8 in Unarmed Combat
  1098 | D:6      | Reached * piety under Makhleb
  1114 | D:6      | Found a sacrificial altar of Ru.
  1222 | D:5      | Killed Pikel
  1222 | D:5      | Reached skill level 9 in Unarmed Combat
  1222 | D:5      | Reached XP level 8. HP: 36/61 MP: 11/11
  1462 | D:7      | Reached skill level 10 in Unarmed Combat
  1599 | D:7      | Found a sacrificial altar of Ru.
  1672 | D:4      | Reached ** piety under Makhleb
  1806 | D:4      | Found a snail-covered altar of Cheibriados.
  1857 | D:4      | Reached skill level 1 in Invocations
  1897 | D:4      | Reached *** piety under Makhleb
  2092 | D:3      | Reached **** piety under Makhleb
  2107 | D:3      | Found a blossoming altar of Fedhas.
  2108 | D:3      | Found an ancient bone altar of Kikubaaqudgha.
  2170 | D:3      | You fall through a shaft for 3 floors!
  2170 | D:6      | Noticed Duvessa
  2170 | D:6      | Noticed Dowan
  2182 | D:6      | Killed Dowan
  2182 | D:6      | Killed Duvessa
  2182 | D:6      | Reached skill level 11 in Unarmed Combat
  2184 | D:6      | Found a shadowy altar of Dithmenos.
  2236 | D:6      | Killed Edmund
  2295 | D:6      | Reached XP level 9. HP: 53/67 MP: 12/12
  2426 | D:7      | Found a shattered altar of Ashenzari.
  2651 | D:9      | Gained mutation: Your flesh is cold resistant. (rC+) [potion of mutation]
  2651 | D:9      | Gained mutation: You are robust. (+10% HP) [potion of mutation]
  2651 | D:9      | Gained mutation: Your natural rate of healing is unusually fast. [potion of mutation]
  2822 | D:9      | Reached skill level 12 in Unarmed Combat
  2851 | D:9      | Reached skill level 5 in Invocations
  2868 | D:9      | HP: 3/73 [yak (5)]
  2910 | D:8      | HP: 3/73 [howler monkey (4)]
  2913 | D:8      | Slain by a howler monkey

Vault maps used:
D:1:      ncdulo_lavacross
D:2:      xom_teletrap_fun, minmay_misc_feat_tiny, kennysheep_generic_room_15
D:3:      grunt_temple_overflow_growth_and_decay, kennysheep_okawaru_gauntlet,
          uniq_jessica, uniq_crazy_yiuf_cottage, uniq_grinder
D:4:      nicolae_tso_besieged_by_evil, kennysheep_mini, trog_eyes_of_draining,
          first_bread, minmay_rat_hole
D:5:      serial_shops, shop, shop_statue, uniq_eustachio, uniq_pikel
D:6:      old_standard_altar, lemuel_coloured_pillars_altar,
          nicolae_dithmenos_shadow_blocks, basic_altar, uniq_duvessa,
          uniq_edmund
D:7:      cheibrodos_ashenzari_chains, kennysheep_mini_moat, st_stairs_1,
          grunt_ogre_cave
D:8:      nicolae_wwwww
D:9:      minmay_distorted_concentric_squares, lemuel_round_altar
Temple:   compressed_dpeg_triangle_lava_temple

Skill      XL: |  1  2  3  4  5  6  7  8  9 |
---------------+----------------------------+-----
Unarmed Combat | 3 6 7 9 11 12 | 12.1
Invocations    | 3 5 |  5.0
Fighting       | |  2.1
Throwing       | |  0.8
Dodging        | |  2.1
Spellcasting   | |  2.0
Translocations | |  3.0

Action                   |  1- 3 |  4- 6 |  7- 9 || total
-------------------------+-------+-------+-------++-------
Melee: Spear             |    18 |    35 |       ||    53
       Unarmed           |     6 |    50 |   451 ||   507
       Tailslap          |     1 |     8 |    37 ||    46
       Punch             |       |       |    12 ||    12
Throw: Tomahawk          |       |     1 |       ||     1
Invok: Lesser Servant of |       |       |     1 ||     1
 Abil: Breathe Lightning |       |       |    10 ||    10
Evoke: Wand              |     6 |     5 |     3 ||    14
  Use: Scroll            |     1 |     1 |     4 ||     6
       Potion            |     1 |       |     5 ||     6
  Eat: Royal jelly       |       |       |     1 ||     1
       Chunk             |       |       |     6 ||     6
Armor: Skin              |     3 |    26 |   173 ||   202
Dodge: Dodged            |     6 |    58 |   320 ||   384
